 Dungeon Crawl Stone Soup version 0.31-a0-175-g9f7f995f2b (webtiles) character file.

Game seed: 18387473497917463675

6769 qw the Cleaver (level 11, -10/71 HPs)
             Began as a Gargoyle Fighter on June 17, 2023.
             Was a Believer of Okawaru.
             Mangled by a komodo dragon (23 damage)
             ... on level 9 of the Dungeon.
             The game lasted 00:05:03 (9121 turns).

qw the Cleaver (Gargoyle Fighter)                   Turns: 9121, Time: 00:05:04

Health: -10/71     AC: 18    Str: 25    XL:     11   Next: 4%
Magic:  13/14      EV:  9    Int:  8    God:    Okawaru [**....]
Gold:   444        SH:  6    Dex:  9    Spells: 10/10 levels left

rFire   . . .        Y - +2 broad axe
rCold   + . .        c - +0 buckler
rNeg    + . .        f - +0 plate armour
rPois   inf          m - +0 helmet
rElec   +            (no cloak)
rCorr   .            b - +0 pair of gloves
SInv    .            (no boots)
Will    .....        s - amulet of faith Stlth
                     g - ring "Niyni" {rElec rPois rC+}
HPRegen 0.31/turn    (no ring)
MPRegen 0.14/turn

%: faith
@: heroic, corroded
A: sickness immunity, AC +8, negative energy resistance 1, electricity
resistance, torment resistance 1, petrification resistance
a: Renounce Religion, Heroism


You were on level 9 of the Dungeon.
You worshipped Okawaru.
Okawaru was pleased with you.
You visited 2 branches of the dungeon, and saw 10 of its levels.
You also visited: Sewer.

You collected 633 gold pieces.
You spent 189 gold pieces at shops.


Innate Abilities, Weirdness & Mutations

You are immune to sickness and miasma.
Your stone body is resilient. (AC +8)
You are immune to poison.
You resist negative energy. (rN+)
You are resistant to electric shocks. (rElec)
You are resistant to unholy torment.
You are immune to petrification.


   Skills:
 - Level 9.1(14.1) Fighting
 - Level 11.0(16.0) Axes
 - Level 1.2(6.2) Throwing
 + Level 7.5(12.5) Armour
 - Level 1.3(6.3) Dodging
 - Level 5.2(10.2) Shields
 - Level 4.0 Invocations


You had 10 spell levels left.
You didn't know any spells.
Your spell library was empty.

Inventory:

Hand Weapons
 n - a +1 flail of holy wrath
 x - a +0 morningstar of freezing
 Y - a +2 broad axe (weapon)
Armour
 b - a +0 pair of gloves (worn)
 c - a +0 buckler (worn)
 f - a +0 plate armour (worn)
 m - a +0 helmet (worn)
Jewellery
 g - the ring "Niyni" (left hand) {rElec rPois rC+}
   (You found it on level 7 of the Dungeon)

   [ring of protection from cold]

   rC:        It protects you from cold.
   rElec:     It insulates you from electricity.
   rPois:     It protects you from poison.
 s - an amulet of faith (around neck)
Scrolls
 a - 3 scrolls of identify
 k - a scroll of silence {unknown}
Potions
 d - 3 potions of might
 e - 3 potions of attraction
 h - a potion of enlightenment
 i - 2 potions of mutation
 l - a potion of lignification
 o - 4 potions of curing
 u - a potion of haste
 w - a potion of cancellation {unknown}

Dungeon Overview and Level Annotations

Branches:
Dungeon (9/15)             Temple (1/1) D:7            Lair (0/5) D:9
    Orc (0/2) D:9           Sewer (visited)

Altars:
Ashenzari
Cheibriados
Dithmenos
Elyvilon
Fedhas
Gozag
Hepliaklqana
Kikubaaqudgha
Makhleb
Nemelex Xobeh
Okawaru
Qazlal
Ru
Sif Muna
Trog
Uskayaw
Vehumet
Wu Jian
Xom
Yredelemnul
Zin
The Shining One

Shops:
D:8 ?

Portals:
Abyss: D:6

Annotations:
D:3 1 runed translucent door, exclusion: 2 dart slugs, Crazy Yiuf
D:6 2 transporters, qw's ghost, novice GrFi
D:7 2 transporters


Message History

Enter note:
Enter note: You closely miss the acid dragon.
The acid dragon spits acid at you. The splash of acid misses you.
You hit the acid dragon.
The acid dragon is lightly wounded.
The acid dragon bites you.
The acid dragon claws you but does no damage.
You closely miss the acid dragon.
The acid dragon is lightly wounded.
You slash the basilisk!
The acid dragon bites you but does no damage.
The acid dragon barely misses you.
You hit the basilisk.
The basilisk is moderately wounded.
You hit the acid dragon.
You hit the komodo dragon but do no damage.
The acid dragon spits acid at you. The splash of acid hits you!!
The acid corrodes you! You block the basilisk's attack.
You hit the acid dragon but do no damage.
The acid dragon is moderately wounded.
You completely miss the basilisk. You hit the basilisk but do no damage.
You slash the komodo dragon! The komodo dragon bites you!
The acid dragon bites you. You block the acid dragon's attack.
You block the basilisk's attack.
The basilisk bites you but does no damage.
You barely miss the acid dragon.
The acid dragon is moderately wounded.
You slice the basilisk!! You closely miss the basilisk.
You slash the komodo dragon! The komodo dragon bites you!!
You hit the basilisk.
You kill the basilisk!
Okawaru accepts your kill.
You slash the basilisk! You hit the acid dragon. You slash the komodo dragon!
You block the basilisk's attack. The acid dragon barely misses you.
The acid dragon closely misses you. The komodo dragon bites you!!
You die...

#### ## #>.# ####.##
#..#### #.....##.
##....####...#....
#####.##..l..#... #
######.....@D...... ####
#.#.........l#...##
..%###...)....##.#.# .#
.%%......###.#..####
#########.#..##.# ##
############## ####
.###....#.# #..#
..#..##.#.############..#
)...###.............##..#


You could see a komodo dragon, a basilisk and an acid dragon (catching breath).

Vanquished Creatures
  Joseph (D:8)
  An unseen horror (D:9)
  2 kobold demonologists (D:9)
  A hornet (D:8)
  3 wyverns (D:9)
  Eustachio (D:6)
  5 yaks (D:8)
  A basilisk (D:9)
  2 steam dragons
  Menkaure (D:5)
  2 water moccasins
  Pargi (Sewer)
  An ice beast (D:7)
  An orc warrior (D:8)
  2 black bears
  A sky beast (D:6)
  2 centaurs (D:9)
  4 phantoms
  3 bullfrogs
  2 kobold brigands (D:9)
  5 scorpions
  11 killer bees (D:9)
  5 electric eels (D:9)
  2 howler monkeys (D:6)
  3 hounds
  11 orc priests
  A gnoll bouda (D:5)
  3 iguanas
  A sleepcap (D:6)
  11 orc wizards
  Terence (D:3)
  6 gnolls
  9 adders
  A river rat (D:4)
  A shadow imp (D:5)
  2 ufetubi
  4 worms
  12 dart slugs
  32 orcs
  5 ball pythons
  3 endoplasms
  3 giant cockroaches
  7 goblins
  6 hobgoblins
  4 jackals
  3 quokkas
  2 bats
  9 frilled lizards
  13 kobolds
  8 rats
221 creatures vanquished.

Vanquished Creatures (others)
  An orc wizard (D:6)
1 creature vanquished.

Grand Total: 222 creatures vanquished

Notes
Turn   | Place    | Note
-------+----------+-------------------------------------------
     0 | D:1      | qw the Gargoyle Fighter began the quest for the Orb.
     0 | D:1      | Reached XP level 1. HP: 14/14 MP: 1/1
     0 | D:1      | 0 ||| qw: Version: 0.3-a-2-g5ab2908
     0 | D:1      | 0 ||| qw: Game counter: 190
     0 | D:1      | 0 ||| qw: Always use a shield: true
     0 | D:1      | 0 ||| qw: God list: Okawaru
     0 | D:1      | 0 ||| qw: Allow faded altars: false
     0 | D:1      | 0 ||| qw: Do Orc after D:15 true
     0 | D:1      | 0 ||| qw: Do second Lair branch before Depths: true
     0 | D:1      | 0 ||| qw: Lair rune preference: random
     0 | D:1      | 0 ||| qw: Plans: Normal, Zot:1-4, Slime:5, God:TSO, Crypt,
                  | Tomb, Abyss, Pan, Hells, Win
     0 | D:1      | 0 ||| PLANNING D:1-11
    16 | D:1      | Reached skill level 2 in Axes
    78 | D:1      | Reached XP level 2. HP: 19/19 MP: 2/2
   380 | D:1      | 380 ||| Stepping ~*~*~tactically~*~*~ (stealth).
   496 | D:1      | Reached skill level 3 in Axes
   511 | D:1      | 511 ||| DROPPING +0 club.
   658 | D:1      | 658 ||| UPGRADING to +0 plate armour.
   668 | D:1      | 668 ||| DROPPING +0 scale mail.
   669 | D:1      | 669 ||| DROPPING ring of flight.
   670 | D:1      | 670 ||| READING scroll labelled YCWUVAZ FOON.
   671 | D:1      | 671 ||| READING 2 scrolls labelled SAWATHICUF.
   672 | D:1      | 672 ||| READING scroll labelled RALURU WAOCEB.
   677 | D:1      | 677 ||| DROPPING scroll of noise.
   734 | D:2      | Reached XP level 3. HP: 23/23 MP: 3/3
   884 | D:2      | Found an ornate altar of the Wu Jian Council.
  1328 | D:2      | 1328 ||| DROPPING ring of magical power.
  1329 | D:2      | 1329 ||| READING scroll labelled GAGGEU XIUDWO.
  1330 | D:2      | 1330 ||| READING scroll labelled KIT TAHERULU.
  1331 | D:2      | 1331 ||| READING scroll labelled SICUS OS UCVU.
  1332 | D:2      | 1332 ||| READING scroll labelled SAPURO ULABRO.
  1371 | D:3      | Reached XP level 4. HP: 28/28 MP: 4/4
  1402 | D:3      | 1402 ||| Stepping ~*~*~tactically~*~*~ (hiding).
  1403 | D:3      | 1403 ||| Stepping ~*~*~tactically~*~*~ (hiding).
  1518 | D:3      | 1518 ||| UPGRADING to +0 pair of gloves.
  1523 | D:3      | 1523 ||| READING scroll labelled CUSONE ANUSH.
  1527 | D:3      | 1527 ||| Stepping ~*~*~tactically~*~*~ (hiding).
  1538 | D:3      | Reached skill level 4 in Axes
  1602 | D:3      | 1602 ||| Stepping ~*~*~tactically~*~*~ (hiding).
  1603 | D:3      | 1603 ||| Stepping ~*~*~tactically~*~*~ (hiding).
  1725 | D:3      | Found a runed translucent door.
  1726 | D:3      | Noticed Crazy Yiuf
  1778 | D:3      | Noticed Terence
  1792 | D:3      | Killed Terence
  1898 | D:3      | Reached XP level 5. HP: 32/32 MP: 5/5
  1912 | D:3      | 1912 ||| Stepping ~*~*~tactically~*~*~ (stealth).
  1914 | D:3      | 1914 ||| Stepping ~*~*~tactically~*~*~ (hiding).
  1973 | D:3      | 1973 ||| Stepping ~*~*~tactically~*~*~ (stealth).
  1975 | D:3      | 1975 ||| Stepping ~*~*~tactically~*~*~ (hiding).
  2022 | D:3      | 2022 ||| Stepping ~*~*~tactically~*~*~ (stealth).
  2023 | D:3      | 2023 ||| Stepping ~*~*~tactically~*~*~ (stealth).
  2031 | D:3      | 2031 ||| SWAPPING to +0 broad axe.
  2032 | D:3      | 2032 ||| DROPPING +0 war axe.
  2191 | D:3      | 2191 ||| DRINKING 2 fuming pink potions.
  2192 | D:3      | 2192 ||| READING 2 scrolls of identify.
  2192 | D:3      | 2192 ||| IDENTIFYING sedimented blue potion
  2220 | D:4      | 2220 ||| PLANNING SEWER
  2259 | D:4      | Reached skill level 5 in Axes
  2291 | D:4      | 2291 ||| FLEEEEING.
  2292 | D:4      | 2292 ||| Stepping ~*~*~tactically~*~*~ (stealth).
  2317 | D:4      | Noticed a phantom
  2329 | D:4      | Killed a phantom
  2330 | D:4      | Reached XP level 6. HP: 30/39 MP: 6/6
  2378 | D:4      | 2378 ||| DROPPING +0 flail.
  2433 | D:4      | 2433 ||| Stepping ~*~*~tactically~*~*~ (stealth).
  2434 | D:4      | 2434 ||| Stepping ~*~*~tactically~*~*~ (stealth).
  2439 | D:4      | 2439 ||| Stepping ~*~*~tactically~*~*~ (stealth).
  2441 | D:4      | 2441 ||| Stepping ~*~*~tactically~*~*~ (hiding).
  2733 | D:4      | Found a glowing drain.
  2734 | D:4      | 2734 ||| UPGRADING to +0 helmet.
  2739 | D:4      | 2739 ||| UPGRADING to amulet of faith.
  2755 | Sewer    | Entered a sewer
  2799 | Sewer    | Noticed Pargi
  2800 | Sewer    | 2800 ||| Stepping ~*~*~tactically~*~*~ (water).
  2811 | Sewer    | Killed Pargi
  2917 | Sewer    | 2917 ||| Stepping ~*~*~tactically~*~*~ (water).
  2920 | Sewer    | 2920 ||| Stepping ~*~*~tactically~*~*~ (water).
  2932 | Sewer    | Reached skill level 6 in Axes
  2958 | Sewer    | 2958 ||| READING scroll labelled JIFFES UF RUMN.
  2959 | Sewer    | 2959 ||| READING scroll labelled AGONYSURUH.
  2960 | Sewer    | 2960 ||| DRINKING 2 green potions.
  2968 | D:4      | 2968 ||| PLANNING D:1-11
  3532 | D:5      | Entered Level 5 of the Dungeon
  3536 | D:5      | Noticed Menkaure
  3537 | D:5      | 3537 ||| Stepping ~*~*~tactically~*~*~ (hiding).
  3538 | D:5      | 3538 ||| Stepping ~*~*~tactically~*~*~ (hiding).
  3547 | D:5      | Killed Menkaure
  3548 | D:5      | Reached XP level 7. HP: 44/44 MP: 7/7
  3608 | D:5      | 3608 ||| FLEEEEING.
  3609 | D:5      | 3609 ||| FLEEEEING.
  3610 | D:5      | 3610 ||| STAIRDANCE
  3678 | D:5      | 3678 ||| STAIRDANCE
  3779 | D:5      | 3779 ||| Stepping ~*~*~tactically~*~*~ (hiding).
  4010 | D:5      | Reached skill level 7 in Axes
  4036 | D:5      | 4036 ||| Stepping ~*~*~tactically~*~*~ (stealth).
  4088 | D:5      | 4088 ||| Stepping ~*~*~tactically~*~*~ (stealth).
  4100 | D:5      | Reached XP level 8. HP: 49/49 MP: 8/8
  4117 | D:5      | Reached skill level 1 in Dodging
  4182 | D:5      | 4182 ||| DROPPING scarf of harm.
  4200 | D:6      | Noticed Eustachio
  4210 | D:6      | 4210 ||| DRINKING 2 potions of curing.
  4210 | D:6      | 4210 ||| (to cure confusion)
  4212 | D:6      | Reached skill level 1 in Throwing
  4223 | D:6      | 4223 ||| FLEEEEING.
  4224 | D:6      | 4224 ||| Stepping ~*~*~tactically~*~*~ (stealth).
  4225 | D:6      | 4225 ||| FLEEEEING.
  4226 | D:6      | 4226 ||| FLEEEEING.
  4235 | D:6      | Killed Eustachio
  4388 | D:6      | Reached skill level 8 in Axes
  4559 | D:6      | Reached skill level 6 in Fighting
  4602 | D:6      | 4602 ||| Stepping ~*~*~tactically~*~*~ (hiding).
  4622 | D:6      | Reached XP level 9. HP: 33/55 MP: 9/9
  4829 | D:6      | 4829 ||| Stepping ~*~*~tactically~*~*~ (stealth).
  4830 | D:6      | 4830 ||| Stepping ~*~*~tactically~*~*~ (stealth).
  4959 | D:6      | Found a white marble altar of Elyvilon.
  5080 | D:6      | Found a shimmering blue altar of Sif Muna.
  5118 | D:6      | 5118 ||| FLEEEEING.
  5119 | D:6      | 5119 ||| FLEEEEING.
  5120 | D:6      | 5120 ||| FLEEEEING.
  5121 | D:6      | 5121 ||| FLEEEEING.
  5123 | D:6      | 5123 ||| FLEEEEING.
  5124 | D:6      | 5124 ||| FLEEEEING.
  5125 | D:6      | 5125 ||| FLEEEEING.
  5126 | D:6      | 5126 ||| FLEEEEING.
  5127 | D:6      | 5127 ||| FLEEEEING.
  5128 | D:6      | 5128 ||| FLEEEEING.
  5129 | D:6      | 5129 ||| FLEEEEING.
  5130 | D:6      | 5130 ||| FLEEEEING.
  5131 | D:6      | 5131 ||| FLEEEEING.
  5132 | D:6      | 5132 ||| FLEEEEING.
  5133 | D:6      | 5133 ||| FLEEEEING.
  5137 | D:6      | 5137 ||| Stepping ~*~*~tactically~*~*~ (hiding).
  5149 | D:6      | Reached skill level 9 in Axes
  5173 | D:6      | 5173 ||| DROPPING +0 morningstar.
  5179 | D:6      | Found a one-way gate to the infinite horrors of the Abyss.
  5179 | D:6      | Noticed qw's ghost (novice GrFi)
  5190 | D:6      | Found a transporter.
  5223 | D:6      | Found a transporter.
  5382 | D:6      | 5382 ||| READING scroll labelled MAUDIAF TAILUW.
  5420 | D:6      | 5420 ||| DRINKING 2 smoky blue potions.
  5439 | D:6      | 5439 ||| DRINKING 2 sapphire potions.
  5440 | D:6      | 5440 ||| DROPPING potion of invisibility.
  5677 | D:7      | 5677 ||| Stepping ~*~*~tactically~*~*~ (stealth).
  5693 | D:7      | 5693 ||| Stepping ~*~*~tactically~*~*~ (stealth).
  5720 | D:7      | Reached skill level 6 in Armour
  5725 | D:7      | HP: 11/55 [orc warrior/+0 halberd (13)]
  5726 | D:7      | 5726 ||| READING 3 scrolls of teleportation.
  5727 | D:7      | 5727 ||| DRINKING 3 potions of heal wounds.
  6010 | D:7      | 6010 ||| Stepping ~*~*~tactically~*~*~ (stealth).
  6098 | D:7      | Found a staircase to the Ecumenical Temple.
  6099 | D:7      | 6099 ||| PLANNING TEMPLE
  6099 | D:7      | 6099 ||| READING scroll labelled RETORU ERAILUB.
  6100 | D:7      | 6100 ||| READING 2 scrolls of identify.
  6100 | D:7      | 6100 ||| IDENTIFYING dark potion
  6101 | D:7      | 6101 ||| DROPPING potion of berserk rage.
  6108 | Temple   | Entered the Ecumenical Temple
  6109 | Temple   | 6109 ||| PLANNING OKAWARU WORSHIP
  6254 | Temple   | Became a worshipper of Warmaster Okawaru
  6255 | Temple   | 6255 ||| PLANNING D:1-11
  6304 | D:7      | Found a transporter.
  6310 | D:7      | Noticed a troll
  6315 | D:7      | Found a transporter.
  6322 | D:7      | Identified the ring "Niyni" {rElec rPois rC+}
  6336 | D:7      | 6336 ||| Stepping ~*~*~tactically~*~*~ (stealth).
  6395 | D:7      | 6395 ||| DRINKING potion of curing.
  6395 | D:7      | 6395 ||| (to cure confusion)
  6851 | D:7      | 6851 ||| UPGRADING to ring "Niyni" {rElec rPois rC+}.
  6852 | D:7      | 6852 ||| READING scroll labelled RIEMAC OGRO.
  6940 | D:8      | Reached * piety under Okawaru
  6941 | D:8      | 6941 ||| INVOKING Heroism.
  6943 | D:8      | HP: 14/57 [yak (2)]
  6944 | D:8      | Reached skill level 1 in Invocations
  6944 | D:8      | 6944 ||| READING 2 scrolls of teleportation.
  6945 | D:8      | 6945 ||| DRINKING 3 potions of heal wounds.
  6948 | D:8      | Reached XP level 10. HP: 44/63 MP: 7/12
  6953 | D:8      | 6953 ||| INVOKING Heroism.
  6960 | D:8      | Reached skill level 10 in Axes
  6960 | D:8      | Reached skill level 3 in Invocations
  6971 | D:8      | 6971 ||| INVOKING Heroism.
  6973 | D:8      | HP: 10/63 [orc priest/divine providence (12)]
  6974 | D:8      | 6974 ||| READING scroll of teleportation.
  6975 | D:8      | 6975 ||| DRINKING 2 potions of heal wounds.
  7107 | D:8      | 7107 ||| Stepping ~*~*~tactically~*~*~ (stealth).
  7109 | D:8      | 7109 ||| Stepping ~*~*~tactically~*~*~ (hiding).
  7110 | D:8      | 7110 ||| Stepping ~*~*~tactically~*~*~ (hiding).
  7111 | D:8      | 7111 ||| Stepping ~*~*~tactically~*~*~ (hiding).
  7167 | D:8      | 7167 ||| Stepping ~*~*~tactically~*~*~ (stealth).
  7187 | D:8      | 7187 ||| Stepping ~*~*~tactically~*~*~ (stealth).
  7193 | D:8      | 7193 ||| INVOKING Heroism.
  7318 | D:8      | Found Tuqyutz's Magic Scroll Shop.
  7360 | D:8      | 7360 ||| INVOKING Heroism.
  7388 | D:8      | 7388 ||| BUYING scroll of enchant weapon (105 gold).
  7388 | D:8      | Bought a scroll of enchant weapon for 105 gold pieces
  7388 | D:8      | 7388 ||| BUYING scroll of identify (28 gold).
  7388 | D:8      | Bought a scroll of identify for 28 gold pieces
  7388 | D:8      | 7388 ||| BUYING scroll of identify (28 gold).
  7388 | D:8      | Bought a scroll of identify for 28 gold pieces
  7388 | D:8      | 7388 ||| BUYING scroll of identify (28 gold).
  7388 | D:8      | Bought a scroll of identify for 28 gold pieces
  7388 | D:8      | 7388 ||| READING scroll of enchant weapon.
  7388 | D:8      | 7388 ||| ENCHANTING +1 broad axe.
  7441 | D:8      | Noticed Joseph
  7452 | D:8      | 7452 ||| INVOKING Heroism.
  7463 | D:8      | Killed Joseph
  7463 | D:8      | Reached ** piety under Okawaru
  7729 | D:8      | 7729 ||| READING 6 scrolls of identify.
  7729 | D:8      | 7729 ||| IDENTIFYING sedimented white potion
  7730 | D:8      | 7730 ||| READING 5 scrolls of identify.
  7730 | D:8      | 7730 ||| IDENTIFYING fizzy ruby potion
  7731 | D:8      | 7731 ||| READING 4 scrolls of identify.
  7731 | D:8      | 7731 ||| IDENTIFYING sedimented puce potion
  7732 | D:8      | 7732 ||| READING 3 scrolls of identify.
  7732 | D:8      | 7732 ||| IDENTIFYING bubbling silvery potion
  7733 | D:8      | 7733 ||| READING 2 scrolls of identify.
  7733 | D:8      | 7733 ||| IDENTIFYING viscous silvery potion
  7734 | D:8      | 7734 ||| DROPPING potion of brilliance.
  7735 | D:8      | 7735 ||| DROPPING potion of degeneration.
  7842 | D:9      | Identified the +1 ring mail of the Nine Friars {rN+ Dex+3
                  | Slay+6}
  7895 | D:9      | 7895 ||| DROPPING ring of wizardry.
  7896 | D:9      | 7896 ||| Stepping randomly (disturbance).
  7921 | D:9      | 7921 ||| INVOKING Heroism.
  7925 | D:9      | Killed an unseen horror
  8026 | D:9      | 8026 ||| INVOKING Heroism.
  8380 | D:9      | 8380 ||| INVOKING Heroism.
  8419 | D:9      | Noticed a kobold demonologist
  8431 | D:9      | Noticed a sun demon
  8431 | D:9      | 8431 ||| INVOKING Heroism.
  8433 | D:9      | Noticed a kobold demonologist
  8436 | D:9      | Killed a kobold demonologist
  8441 | D:9      | Noticed a smoke demon
  8444 | D:9      | Killed a kobold demonologist
  8481 | D:9      | 8481 ||| Stepping ~*~*~tactically~*~*~ (hiding).
  8514 | D:9      | 8514 ||| INVOKING Heroism.
  8516 | D:9      | 8516 ||| Stepping ~*~*~tactically~*~*~ (hiding).
  8528 | D:9      | Reached skill level 11 in Axes
  8538 | D:9      | HP: 16/64 [electric eel/bolt of electricity (3)]
  8539 | D:9      | 8539 ||| DRINKING potion of heal wounds.
  8542 | D:9      | 8542 ||| INVOKING Heroism.
  8552 | D:9      | HP: 16/64 [electric eel/bolt of electricity (3)]
  8557 | D:9      | HP: 11/64 [electric eel/bolt of electricity (4)]
  8783 | D:9      | Found a staircase to the Orcish Mines.
  8913 | D:9      | 8913 ||| Stepping ~*~*~tactically~*~*~ (stealth).
  8920 | D:9      | 8920 ||| INVOKING Heroism.
  8926 | D:9      | Reached skill level 9 in Fighting
  8926 | D:9      | Reached XP level 11. HP: 34/71 MP: 11/14
  8950 | D:9      | 8950 ||| FLEEEEING.
  8951 | D:9      | 8951 ||| FLEEEEING.
  8952 | D:9      | 8952 ||| FLEEEEING.
  8953 | D:9      | 8953 ||| FLEEEEING.
  8954 | D:9      | 8954 ||| FLEEEEING.
  9102 | D:9      | Found a staircase to the Lair.
  9113 | D:9      | 9113 ||| INVOKING Heroism.
  9120 | D:9      | HP: 12/71 [komodo dragon (19)]
  9121 | D:9      | Mangled by a komodo dragon

Levels and vault maps discovered:
D:1:      minmay_arrival_solitary_statue, layout_basic
D:2:      layout_basic, basic_altar
D:3:      kennysheep_slugbush, layout_rooms, solitary_fountain,
          kennysheep_small_spiral, uniq_crazy_yiuf_cottage, uniq_terence
D:4:      minmay_general_purpose_star, layout_basic, portal_sewer_entry_b,
          minivault_1, nicolae_figureground_pulse
D:5:      layout_rooms, uniq_menkaure
D:6:      layout_basic, elyvilon_altar_4, lemuel_blue_sif_altar,
          gammafunk_ghost_abyssal_escape, minmay_misc_feat_doors, uniq_eustachio
D:7:      gammafunk_beogh_shrine, layout_basic, minmay_temple_entry_slanted,
          grunt_decor_fettered
D:8:      layout_cave_pools, serial_shops, nicolae_diamond_shop,
          eino_small_chamber_without_monster, uniq_joseph
D:9:      kennysheep_spiral_hall, layout_loops_ring, erik_lair_dragon,
          orc_0_dummy, serial_bayou, serial_bayou_pond_e, serial_bayou_lagoon_a,
          serial_bayou_lake_a, serial_bayou_pond_d
Temple:   nicolae_temple_bog_church

Skill      XL: |  1  2  3  4  5  6  7  8  9 10 |
---------------+-------------------------------+-----
Axes           | 2 3 4 5 6 7 8 9 11 | 11.0
Fighting       | 4 5 6 7 9 |  9.1
Armour         | 4 5 6 7 |  7.5
Dodging        | 1 |  1.3
Throwing       | 1 |  1.2
Shields        | 4 5 |  5.2
Invocations    | 2 4 |  4.0

Action                     |  1- 3 |  4- 6 |  7- 9 | 10-12 || total
---------------------------+-------+-------+-------+-------++-------
  Melee: War axe           |    93 |    59 |       |       ||   152
         Broad axe         |       |   103 |   334 |   209 ||   646
  Throw: Boomerang         |       |    58 |    37 |     3 ||    98
 Invoke: Heroism           |       |       |     1 |    13 ||    14
    Use: Scroll            |     7 |     4 |     6 |     7 ||    24
         Potion            |       |     2 |     6 |     2 ||    10
 Armour: Scale mail        |    20 |       |       |       ||    20
         Plate armour      |    29 |   140 |   238 |   204 ||   611
  Dodge: Dodged            |    26 |    49 |   122 |    75 ||   272
  Block: Buckler           |    11 |    34 |    76 |    48 ||   169

Table legend:
 A = Non-vault XP
 B = Vault XP
 C = Vault XP percentage of total XP
 D = Non-vault monster count
 E = Vault monster count
 F = Vault count percentage of total count
                 A         B        C        D         E       F
            +---------+---------+-------+---------+---------+-------
      Total |    7250 |    2613 |  26.5 |     182 |      40 |  18.0
            +---------+---------+-------+---------+---------+-------
        D:1 |      30 |       0 |   0.0 |      19 |       0 |   0.0
        D:2 |      49 |       0 |   0.0 |      12 |       0 |   0.0
        D:3 |      30 |      72 |  70.6 |      12 |      11 |  47.8
        D:4 |     121 |     127 |  51.2 |      20 |       7 |  25.9
        D:5 |     509 |     172 |  25.3 |      22 |       1 |   4.3
        D:6 |    1310 |     202 |  13.4 |      31 |       1 |   3.1
        D:7 |     941 |       0 |   0.0 |      17 |       0 |   0.0
        D:8 |    1990 |     455 |  18.6 |      19 |       1 |   5.0
        D:9 |    2270 |    1400 |  38.1 |      30 |       8 |  21.1
      Sewer |       0 |     185 | 100.0 |       0 |      11 | 100.0
            +---------+---------+-------+---------+---------+-------
